 Dungeon Sprint DCSS version 0.17-a0-1719-g1afd5a1 (webtiles) character file.

12500000 ztt the Plane Walker (level 27, -155/273 HPs)
             Began as a Ghoul Warper on Aug 27, 2015.
             Was the Champion of Makhleb.
             Annihilated by a fleshlord
             ... wielding a +9 great mace
              (395 damage)
             ... in the Dungeon (Sprint VIII: "Arena of Blood").
             The game lasted 00:02:34 (125 turns).

ztt the Plane Walker (Ghoul Warper)                  Turns: 125, Time: 00:02:35

Health: -155/273   AC:  6    Str: 19    XL:     27
Magic:  34/53      EV: 32    Int:  8    God:    Makhleb [******]
Gold:   0          SH:  0    Dex: 17    Spells: 1 memorised, 79 levels left

rFire  . . .     SeeInvis +     l - +∞ Axe of Woe
rCold  + . .     Clarity  .     b - +0 leather armour
rNeg   + + +     SustAt   .     (no shield)
rPois  ∞         Gourm    .     (no helmet)
rElec  .         Spirit   .     (no cloak)
rCorr  .         Warding  .     (no gloves)
rMut   .         NoTele   +     (no boots)
MR     ++...                    (no amulet)
Stlth  +++++++++.               (no ring)
                                m - ring of see invisible

@: rotting, slowed, very slow, very resistant to hostile enchantments,
incredibly stealthy
A: rotting body, claws 1, carnivore 3, cold resistance 1, negative energy
resistance 3, slow healing 1, torment resistance, unbreathing
a: Minor Destruction, Lesser Servant of Makhleb, Major Destruction, Greater
Servant of Makhleb, Renounce Religion


You were in the Dungeon.
You worshipped Makhleb.
Makhleb was exalted by your worship.
You were not hungry.

You visited 1 branch

Inventory:

Hand weapons
 a - a +0 hand axe
 l - the +∞ Axe of Woe (weapon)
   (You found it in the Dungeon)
Missiles
 e - 5 tomahawks of dispersal (quivered)
Armour
 b - a +0 leather armour (worn)
Jewellery
 m - a ring of see invisible (left claw)
Scrolls
 d - 2 scrolls of blinking
Potions
 g - a potion of curing
 h - a potion of heal wounds
 i - a potion of haste
 j - 2 potions of magic
 k - a potion of berserk rage
Books
 c - a book of Spatial Translocations

   Spells                             Type                      Level
   a - Apportation                    Translocation                1
   b - Blink                          Translocation                2
   c - Shroud of Golubria             Charms/Translocation         2
   d - Portal Projectile              Translocation                3
   e - Teleport Other                 Translocation                3
   f - Passage of Golubria            Translocation                4
Comestibles
 f - a meat ration


   Skills:
 O Level 27 Fighting
 O Level 27 Axes
 O Level 27 Throwing
 O Level 27 Armour
 O Level 27 Dodging
 O Level 27 Stealth
 O Level 27 Unarmed Combat
 O Level 27 Spellcasting
 O Level 27 Translocations
 O Level 27 Invocations


You had 79 spell levels left.
You knew the following spells:

 Your Spells              Type           Power        Failure   Level  Hunger
a - Apportation           Tloc           ######....   0%          1    None


Dungeon Overview and Level Annotations

Branches:
Dungeon (1/1)

Altars:
Makhleb

Annotations:
D The Servant


Innate Abilities, Weirdness & Mutations

Your body is rotting away.
You thrive on raw meat.
You are immune to poison.
You have sharp fingernails.
You are carnivorous and can eat meat at any time.
Your flesh is cold resistant.
You are immune to negative energy.
You heal slowly when monsters are visible.
You are immune to unholy pain and torment.
You can survive without breathing.


Message History

You kill the nine-headed meat hydra!
Makhleb accepts your kill.
You hear a shout!
The observer gazes at you. Something smites you!
You hear a shout!
The bag of meat is engulfed in roaring flames.
The accursed gestures at you while chanting.
Something smites you!
You hear a shout! x4
The observer gazes at you. Something smites you!
You hear a shout!
You hear a shout!
The fleshlord gestures at you while chanting.
You feel as though you will be slow longer.
You hear a shout! x3
The fleshlord hits you with a +9 great mace!!!!!!
Ouch! That really hurt!
You die...

..#....))))_..... #..
.......)).###.... ....
.....###.))))..## .......
.......#..)))..#. ......G.
.......#..)....#. ........#
p................
.....oo#M#.#.......%.%)%...
....o..#.#........)).)....
#...#C#@#...p.%..))....#
#§)§#o#p....#..)))...#.
#§§§)))........)))...#.
.....§##)).....##)#).).....
##.....##).......))).).....
####......####).).#.....##
####......).)..........
####.............%..
####.............


You could see an accursed, an observer (invisible), a fleshlord and a bag of
meat.

Vanquished Creatures
  3 hell knights (D)
  7 hell beasts (D)
  5 greater mummies (D)
  4 great orbs of eyes (D)
  2 wraiths (D)
  13 vampire knights (D)
  34 ogres (D)
  3 liches (D)
  2 hydras (D)
  59 orcs (D)
  A phantom (D)
  5 hill giants (D)
  4 skeletal warriors (D)
  5 large abominations (D)
  6 small abominations (D)
  14 crawling corpses (D)
167 creatures vanquished.

Vanquished Creatures (others)
  A crawling corpse (D)
1 creature vanquished.

Grand Total: 168 creatures vanquished

Notes
Turn   | Place    | Note
--------------------------------------------------------------
     0 | D        | ztt the Ghoul Warper began the quest for the Orb.
     0 | D        | Reached XP level 1. HP: 17/17 MP: 2/2
     4 | D        | Became a worshipper of Makhleb the Destroyer
     6 | D        | Noticed a meat berserker
     6 | D        | Noticed a bag of meat
     7 | D        | Noticed a meat berserker
     7 | D        | Noticed a bag of meat
     9 | D        | Noticed a bag of meat
     9 | D        | Killed a meat berserker
     9 | D        | Reached skill level 12 in Fighting
     9 | D        | Reached skill level 10 in Dodging
     9 | D        | Reached skill level 20 in Translocations
     9 | D        | Reached XP level 2. HP: 20/42 MP: 2/14
     9 | D        | Reached XP level 3. HP: 23/49 MP: 2/15
     9 | D        | Reached XP level 4. HP: 26/57 MP: 2/17
     9 | D        | Reached XP level 5. HP: 28/63 MP: 2/18
     9 | D        | Reached XP level 6. HP: 31/71 MP: 2/20
     9 | D        | Reached XP level 7. HP: 34/78 MP: 2/21
     9 | D        | Reached XP level 8. HP: 37/85 MP: 2/23
     9 | D        | Reached XP level 9. HP: 40/92 MP: 2/24
     9 | D        | Reached XP level 10. HP: 43/100 MP: 2/25
     9 | D        | Reached XP level 11. HP: 45/105 MP: 2/26
     9 | D        | Reached XP level 12. HP: 48/113 MP: 2/27
     9 | D        | Reached XP level 13. HP: 50/119 MP: 2/28
    10 | D        | Noticed a bag of meat
    10 | D        | Noticed a bag of meat
    10 | D        | Noticed a meat berserker
    10 | D        | Killed a meat berserker
    10 | D        | Acquired Makhleb's first power
    10 | D        | Reached skill level 5 in Throwing
    10 | D        | Reached skill level 23 in Translocations
    10 | D        | Reached XP level 14. HP: 53/133 MP: 2/30
    10 | D        | Killed a bag of meat
    10 | D        | Reached skill level 15 in Fighting
    10 | D        | Reached skill level 24 in Translocations
    10 | D        | Reached XP level 15. HP: 55/141 MP: 2/32
    11 | D        | Noticed a meat berserker
    11 | D        | Killed a bag of meat
    11 | D        | Acquired Makhleb's second power
    11 | D        | Reached skill level 15 in Spellcasting
    11 | D        | Reached skill level 25 in Translocations
    11 | D        | Noticed a bag of meat
    12 | D        | Noticed a bag of meat
    12 | D        | Noticed a meat berserker
    12 | D        | Killed a meat berserker
    12 | D        | Reached skill level 15 in Dodging
    12 | D        | Reached skill level 27 in Translocations
    12 | D        | Reached XP level 16. HP: 119/157 MP: 3/35
    12 | D        | Killed a bag of meat
    12 | D        | Acquired Makhleb's third power
    12 | D        | Reached skill level 5 in Armour
    13 | D        | Noticed a bag of meat
    13 | D        | Killed a meat berserker
    13 | D        | Reached XP level 17. HP: 123/173 MP: 3/39
    14 | D        | Noticed a bag of meat
    15 | D        | Noticed a meat berserker
    16 | D        | Killed a bag of meat
    16 | D        | Acquired Makhleb's fourth power
    16 | D        | Killed a meat berserker
    16 | D        | Reached XP level 18. HP: 171/190 MP: 4/41
    17 | D        | Noticed a bag of meat
    17 | D        | Noticed a meat berserker
    17 | D        | Noticed a meat berserker
    18 | D        | Killed a bag of meat
    18 | D        | Killed a bag of meat
    18 | D        | Acquired Makhleb's fifth power
    18 | D        | Killed a bag of meat
    18 | D        | Reached XP level 19. HP: 201/204 MP: 4/44
    19 | D        | Noticed a bag of meat
    19 | D        | Noticed a bag of meat
    19 | D        | Noticed a bag of meat
    19 | D        | Noticed a bag of meat
    20 | D        | Killed a meat berserker
    20 | D        | Reached skill level 27 in Fighting
    20 | D        | Reached skill level 10 in Throwing
    20 | D        | Reached skill level 10 in Armour
    20 | D        | Killed a meat berserker
    20 | D        | Reached skill level 27 in Axes
    22 | D        | Noticed a bag of meat
    22 | D        | Noticed a bag of meat
    22 | D        | Noticed a large bag of meat
    22 | D        | Noticed a destroyer
    22 | D        | Noticed a meat berserker
    23 | D        | Noticed a meat berserker
    23 | D        | Noticed a bag of meat
    23 | D        | Noticed a meat berserker
    23 | D        | Killed a meat berserker
    23 | D        | Reached XP level 20. HP: 216/216 MP: 6/49
    23 | D        | Killed a destroyer
    23 | D        | Reached skill level 15 in Throwing
    23 | D        | Reached skill level 27 in Dodging
    23 | D        | Reached skill level 27 in Spellcasting
    23 | D        | Killed a bag of meat
    23 | D        | Reached XP level 21. HP: 224/224 MP: 6/51
    24 | D        | Noticed a bag of meat
    24 | D        | Noticed a bag of meat
    24 | D        | Killed a bag of meat
    24 | D        | Killed a bag of meat
    25 | D        | Noticed a bag of meat
    26 | D        | Noticed a meat berserker
    26 | D        | Noticed a meat berserker
    26 | D        | Killed a meat berserker
    26 | D        | Killed a bag of meat
    26 | D        | Reached XP level 22. HP: 233/233 MP: 6/52
    26 | D        | Killed a bag of meat
    26 | D        | Reached skill level 27 in Armour
    27 | D        | Noticed a large bag of meat
    28 | D        | Noticed a bag of meat
    30 | D        | Noticed a destroyer
    30 | D        | Killed a bag of meat
    30 | D        | Killed a bag of meat
    30 | D        | Reached skill level 27 in Throwing
    31 | D        | Noticed a meat berserker
    31 | D        | Noticed a bag of meat
    31 | D        | Killed a meat berserker
    31 | D        | Killed a meat berserker
    31 | D        | Reached XP level 23. HP: 240/240 MP: 8/53
    31 | D        | Killed a bag of meat
    31 | D        | Killed a bag of meat
    32 | D        | Noticed a meat berserker
    32 | D        | Killed a meat berserker
    32 | D        | Killed a bag of meat
    32 | D        | Killed a bag of meat
    32 | D        | Reached skill level 27 in Stealth
    32 | D        | Reached XP level 24. HP: 249/249 MP: 8/53
    33 | D        | Noticed a destroyer
    33 | D        | Killed a large bag of meat
    34 | D        | Noticed a large bag of meat
    34 | D        | Killed a bag of meat
    34 | D        | Reached skill level 27 in Unarmed Combat
    34 | D        | Reached skill level 27 in Invocations
    34 | D        | Killed a bag of meat
    34 | D        | Killed a meat berserker
    34 | D        | Killed a destroyer
    34 | D        | Reached XP level 25. HP: 257/257 MP: 8/53
    35 | D        | Noticed a bag of meat
    35 | D        | Killed a large bag of meat
    36 | D        | Noticed a destroyer
    36 | D        | Noticed a destroyer
    36 | D        | Noticed a destroyer
    36 | D        | Killed a bag of meat
    37 | D        | Noticed a destroyer
    37 | D        | Killed a meat berserker
    38 | D        | Noticed a meat berserker
    38 | D        | Killed a meat berserker
    38 | D        | Killed a destroyer
    38 | D        | Reached XP level 26. HP: 266/266 MP: 9/53
    39 | D        | Noticed a destroyer
    39 | D        | Noticed a bag of meat
    39 | D        | Noticed a bag of meat
    39 | D        | Noticed a meat berserker
    40 | D        | Noticed a meat berserker
    40 | D        | Killed a bag of meat
    40 | D        | Killed a destroyer
    41 | D        | Killed a large bag of meat
    42 | D        | Noticed a bag of meat
    42 | D        | Noticed a bag of meat
    42 | D        | Noticed a bag of meat
    44 | D        | Noticed a tyrant
    44 | D        | Noticed a bag of meat
    44 | D        | Noticed a destroyer
    44 | D        | Killed a destroyer
    44 | D        | Reached XP level 27. HP: 245/273 MP: 11/53
    44 | D        | Killed a meat berserker
    44 | D        | Killed a meat berserker
    44 | D        | Killed a destroyer
    46 | D        | Noticed a bag of meat
    46 | D        | Noticed a bag of meat
    46 | D        | Killed a bag of meat
    46 | D        | Killed a destroyer
    47 | D        | Noticed a bag of meat
    47 | D        | Killed a destroyer
    47 | D        | Killed a bag of meat
    48 | D        | Noticed a meat berserker
    48 | D        | Noticed a bag of meat
    48 | D        | Noticed a sculptor of flesh
    48 | D        | Noticed a destroyer
    48 | D        | Killed a meat berserker
    49 | D        | Noticed a meat berserker
    49 | D        | Noticed an accursed
    49 | D        | Killed a destroyer
    49 | D        | Killed a bag of meat
    49 | D        | Killed a bag of meat
    50 | D        | Noticed a bag of meat
    50 | D        | Killed a bag of meat
    52 | D        | Noticed a meat berserker
    52 | D        | Killed an accursed
    52 | D        | Killed a tyrant
    53 | D        | Noticed a destroyer
    53 | D        | Killed a bag of meat
    53 | D        | Killed a bag of meat
    54 | D        | Killed a meat berserker
    54 | D        | Killed a meat berserker
    54 | D        | Killed a bag of meat
    55 | D        | Noticed a tyrant
    55 | D        | Noticed a bag of meat
    56 | D        | Noticed a bag of meat
    56 | D        | Noticed a large bag of meat
    56 | D        | Killed a bag of meat
    56 | D        | Killed a bag of meat
    56 | D        | Killed a bag of meat
    57 | D        | Killed a meat berserker
    58 | D        | Noticed a bag of meat
    58 | D        | Noticed a tyrant
    58 | D        | Killed a bag of meat
    59 | D        | Killed a sculptor of flesh
    60 | D        | Noticed a bag of meat
    61 | D        | Noticed an accursed
    61 | D        | Noticed a destroyer
    62 | D        | Killed a destroyer
    64 | D        | Noticed a destroyer
    64 | D        | Killed a destroyer
    65 | D        | Noticed a meat beast
    65 | D        | Killed a bag of meat
    65 | D        | Killed a large bag of meat
    65 | D        | Killed a bag of meat
    65 | D        | Killed a tyrant
    66 | D        | Noticed a meat berserker
    66 | D        | Killed a bag of meat
    67 | D        | Noticed a dread
    67 | D        | Noticed a bag of meat
    68 | D        | Noticed a meat berserker
    68 | D        | Killed a destroyer
    69 | D        | Noticed a bag of meat
    69 | D        | Noticed an accursed
    69 | D        | Noticed a meat beast
    70 | D        | Noticed a sculptor of flesh
    70 | D        | Killed a meat beast
    71 | D        | Killed a meat berserker
    71 | D        | Killed a dread
    73 | D        | Noticed a dread
    73 | D        | Noticed a meat berserker
    73 | D        | Killed a meat beast
    73 | D        | Killed a tyrant
    74 | D        | Killed a bag of meat
    75 | D        | Noticed a wretched soul
    76 | D        | Killed a meat berserker
    77 | D        | Noticed a bag of meat
    77 | D        | Noticed a meat beast
    78 | D        | Noticed a meat berserker
    79 | D        | Noticed a meat berserker
    80 | D        | Killed a meat berserker
    80 | D        | Killed a bag of meat
    81 | D        | Noticed a meat beast
    81 | D        | Noticed a meat beast
    81 | D        | Killed a wretched soul
    82 | D        | Killed an accursed
    82 | D        | Killed a bag of meat
    83 | D        | Noticed a meat berserker
    83 | D        | Killed a dread
    84 | D        | Killed a meat beast
    84 | D        | Killed a destroyer
    85 | D        | Noticed a meat berserker
    85 | D        | Killed a meat beast
    85 | D        | Killed a meat berserker
    85 | D        | Killed a meat berserker
    86 | D        | Noticed a meat berserker
    86 | D        | Noticed a meat berserker
    87 | D        | Killed a meat beast
    88 | D        | Noticed a meat berserker
    88 | D        | Killed a meat berserker
    89 | D        | Killed a meat berserker
    90 | D        | Killed a meat berserker
    90 | D        | Killed a sculptor of flesh
    90 | D        | Killed a meat berserker
    91 | D        | Killed an accursed
    92 | D        | Noticed an observer
    92 | D        | Noticed a meat berserker
    92 | D        | Killed a meat berserker
    96 | D        | Killed a meat berserker
    96 | D        | Killed an observer
    98 | D        | Noticed an accursed
    99 | D        | Noticed a bag of meat
    99 | D        | Noticed an observer
    99 | D        | Noticed a bag of meat
    99 | D        | Noticed a sculptor of flesh
    99 | D        | Noticed an observer
   100 | D        | Noticed a bag of meat
   100 | D        | Noticed a bag of meat
   100 | D        | Noticed a bag of meat
   100 | D        | Noticed a bag of meat
   100 | D        | Noticed an accursed
   100 | D        | Noticed a meat beast
   101 | D        | Noticed a sculptor of flesh
   101 | D        | Noticed a bag of meat
   101 | D        | Noticed a bag of meat
   101 | D        | Killed an accursed
   102 | D        | Noticed a bag of meat
   102 | D        | Noticed a bag of meat
   103 | D        | Noticed an observer
   103 | D        | Noticed a bag of meat
   103 | D        | Noticed a bag of meat
   104 | D        | Noticed a bag of meat
   104 | D        | Noticed a bag of meat
   104 | D        | Killed a bag of meat
   104 | D        | Killed a bag of meat
   104 | D        | Killed an observer
   105 | D        | Killed a bag of meat
   105 | D        | Killed an observer
   106 | D        | Noticed a large bag of meat
   106 | D        | Killed a sculptor of flesh
   106 | D        | Killed a bag of meat
   107 | D        | Killed a bag of meat
   107 | D        | Killed a bag of meat
   107 | D        | Killed a meat beast
   108 | D        | Noticed a meat berserker
   108 | D        | Killed a bag of meat
   108 | D        | Killed a bag of meat
   109 | D        | Killed an accursed
   110 | D        | Killed a sculptor of flesh
   111 | D        | Noticed a bag of meat
   111 | D        | Killed an observer
   112 | D        | Noticed a bag of meat
   112 | D        | Noticed an accursed
   112 | D        | Killed a bag of meat
   113 | D        | Noticed a bag of meat
   113 | D        | Noticed a bag of meat
   114 | D        | Noticed a bag of meat
   114 | D        | Killed a bag of meat
   114 | D        | Killed a bag of meat
   114 | D        | Killed a bag of meat
   114 | D        | Killed a meat berserker
   115 | D        | Noticed a meat berserker
   115 | D        | Noticed a meat beast
   115 | D        | Killed a bag of meat
   115 | D        | Killed a bag of meat
   116 | D        | Noticed a fleshlord
   116 | D        | Killed a large bag of meat
   117 | D        | Noticed a large bag of meat
   117 | D        | Killed a bag of meat
   118 | D        | Noticed a fleshlord
   118 | D        | Killed a bag of meat
   119 | D        | Noticed The Servant
   119 | D        | Killed a bag of meat
   120 | D        | Noticed a bag of meat
   120 | D        | Noticed a fleshlord
   120 | D        | Killed a meat beast
   120 | D        | Killed a meat berserker
   121 | D        | Noticed a fleshlord
   121 | D        | Noticed a bag of meat
   122 | D        | Killed a fleshlord
   122 | D        | Killed a fleshlord
   123 | D        | Killed a bag of meat
   123 | D        | Killed a fleshlord
   123 | D        | Killed a bag of meat
   124 | D        | Noticed an observer
   125 | D        | Annihilated by a fleshlord

Vault maps used:
D:        meatsprint

Action                   |  1- 3 |  4- 6 |  7- 9 | 10-12 | 13-15 | 16-18 | 19-21 | 22-24 | 25-27 || total
-------------------------+-------+-------+-------+-------+-------+-------+-------+-------+-------++-------
Melee: Executioner's axe |     1 |       |       |       |     3 |     3 |     4 |     5 |    68 ||    84
 Cast: Apportation       |       |       |       |       |       |       |       |       |     1 ||     1
